[Event "Titled Tuesday Blitz May 31 Late 2022"]
[White "Pinheiro, Iung Alicio de O."]
[Black "Janaszak, Dawid"]
[WhiteFideId "2104350"]
[BlackFideId "1119206"]
[WhiteElo "2283"]
[BlackElo "2199"]
[Result "0-1"]
[Round "07"]
[TimeControl "180+1"]
[Date "2022.06.01"]
[WhiteClock "0:00:03"]
[BlackClock "0:01:35"]

1. c4 Nf6 2. g3 g6 3. Bg2 Bg7 4. Nc3 O-O 5. d3 d6 6. Bg5 h6 7. Bd2 c5 8. Qc1 Kh7 9. h4 Nc6 10. Nf3 Bg4 11. h5 g5 12. Nxg5+ hxg5 13. h6 Bh8 14. Bxg5 Qd7 15. Rh4 Bf5 16. Qd2 Rg8 17. O-O-O Rab8 18. Bxf6 Bxf6 19. Rh5 Bg6 20. Rh2 b5 21. cxb5 Nd4 22. Be4 Nxb5 23. Bxg6+ Rxg6 24. Nd5 Nd4 25. Nxf6+ Rxf6 26. Qg5 Rg6 27. Qe3 Qb5 28. Rd2 e5 29. f4 Qa4 30. Kb1 Rb6 31. fxe5 Ra6 32. Rf2 Qxa2+ 0-1


[Site "https://www.chess.com"]

[Event "Titled Tuesday Blitz May 31 Late 2022"]
[White "Przybylski, Wojciech"]
[Black "Hess, Robert"]
[WhiteFideId "1117599"]
[BlackFideId "2022036"]
[WhiteElo "2133"]
[BlackElo "2557"]
[Result "0-1"]
[Round "07"]
[TimeControl "180+1"]
[Date "2022.05.31"]
[WhiteClock "0:00:02"]
[BlackClock "0:00:34"]

1. d4 g6 2. e4 Bg7 3. Nc3 a6 4. a4 d6 5. Nf3 Nd7 6. h3 e6 7. Be2 Ne7 8. O-O b6 9. Be3 Bb7 10. Re1 h6 11. Qd2 g5 12. Nh2 Ng6 13. Bh5 Nf6 14. Bf3 Nh4 15. d5 Nxf3+ 16. Nxf3 e5 17. Nh2 Qd7 18. Qe2 O-O-O 19. b4 Rdg8 20. Qf3 Kb8 21. Ne2 Nxe4 22. Qxe4 f5 23. Qc4 Bf6 24. a5 b5 25. Qb3 h5 26. c4 g4 27. h4 f4 28. Bd2 Bxh4 29. cxb5 Qxb5 30. Nc3 Bxf2+ 31. Kxf2 g3+ 32. Kg1 gxh2+ 33. Kh1 Qd3 34. Re2 f3 35. Rf2 fxg2+ 36. Kxh2 Qg3+ 37. Kg1 Qh3 0-1


[Site "https://www.chess.com"]

[Event "Titled Tuesday Blitz May 31 Late 2022"]
[White "Rastbod, Ali"]
[Black "Indjic, Aleksandar"]
[WhiteFideId "12567477"]
[BlackFideId "911925"]
[WhiteElo "2147"]
[BlackElo "2616"]
[Result "0-1"]
[Round "07"]
[TimeControl "180+1"]
[Date "2022.05.31"]
[WhiteClock "0:00:01"]
[BlackClock "0:00:21"]

1. c4 e6 2. Nf3 d5 3. g3 dxc4 4. Qa4+ Nd7 5. Qxc4 a6 6. Qc2 c5 7. Bg2 Ngf6 8. O-O Ra7 9. d4 b6 10. dxc5 Bxc5 11. a3 Bb7 12. b4 Be7 13. Bb2 O-O 14. Rd1 Qa8 15. Nbd2 Rc8 16. Qd3 Bd5 17. Rac1 Rac7 18. Rxc7 Rxc7 19. Ne1 a5 20. b5 Nc5 21. Qb1 Na4 22. Bxf6 Bxf6 23. Bxd5 exd5 24. Ndf3 Nc3 25. Qc2 Nxb5 26. Qd3 Nc3 27. Rd2 b5 28. Nc2 Qb8 29. Ne3 Rc5 30. Nd4 b4 31. axb4 axb4 32. Nb3 Rb5 33. Nc2 g6 34. Kg2 Kg7 35. h4 h5 36. Ncd4 Rb6 37. Nf3 Qe8 38. e3 Rb8 39. Qa6 Ra8 40. Qb7 Rb8 41. Qa6 Qe4 42. Nc5 Qc4 43. Qd6 Rd8 44. Nd7 Ne4 45. Qxd5 Nxd2 46. Qxd2 Qc6 47. Ne5 Rxd2 48. Nxc6 Rb2 49. Ne1 Rb1 50. Nd3 b3 51. Na5 Bc3 52. Nc4 Rd1 0-1


[Site "https://www.chess.com"]

[Event "Titled Tuesday Blitz May 31 Late 2022"]
[White "Remolar Gallen, Jose"]
[Black "Gurevich, Dmitry"]
[WhiteFideId "2215187"]
[BlackFideId "2000407"]
[WhiteElo "2205"]
[BlackElo "2506"]
[Result "0-1"]
[Round "07"]
[TimeControl "180+1"]
[Date "2022.06.01"]
[WhiteClock "0:00:01"]
[BlackClock "0:00:09"]

1. d4 Nf6 2. c4 a6 3. Nc3 c5 4. d5 b5 5. cxb5 axb5 6. Nxb5 Qa5+ 7. Nc3 Bb7 8. Bd2 Qb6 9. e4 e6 10. Bc4 Nxe4 11. dxe6 fxe6 12. Nxe4 Bxe4 13. Qh5+ Bg6 14. Qf3 Qc6 15. Qxc6 Nxc6 16. Nf3 Be7 17. O-O O-O 18. Rfd1 d5 19. Bb5 Na7 20. Bd7 Bf5 21. Bg5 Rf7 22. Bxe7 Rxe7 23. Ne5 Rd8 24. Ba4 Rc7 25. Rac1 Kf8 26. g4 Bg6 27. Re1 Ke7 28. Bc2 Bxc2 29. Rxc2 c4 30. f4 Nc6 31. Nf3 h6 32. f5 Rd6 33. Rce2 d4 34. Rxe6+ Rxe6 35. Rxe6+ Kd7 36. Kf1 Rb7 37. Re4 d3 38. Rxc4 Rxb2 39. Ke1 Rxa2 40. Nd4 Ne5 41. Rc3 Kd6 0-1


[Site "https://www.chess.com"]

[Event "Titled Tuesday Blitz May 31 Late 2022"]
[White "Rostovtsev, Dmitry"]
[Black "Chen, Justin"]
[WhiteFideId "34278320"]
[BlackFideId "2098199"]
[WhiteElo "2274"]
[BlackElo "2465"]
[Result "1-0"]
[Round "07"]
[TimeControl "180+1"]
[Date "2022.05.31"]
[WhiteClock "0:02:08"]
[BlackClock "0:01:55"]

1. e4 d6 2. d4 Nf6 3. Nc3 e5 4. Nf3 Nbd7 5. Bc4 Be7 6. O-O O-O 7. a4 c6 8. a5 Qc7 9. Re1 Rb8 10. Bf1 b5 11. axb6 axb6 12. d5 b5 13. dxc6 Qxc6 14. Nd5 Nxd5 15. exd5 Qb7 16. Ra5 b4 17. Be3 Nf6 18. Ra7 Qxd5 19. Rxe7 Qa2 20. Qxd6 Bf5 21. Qxe5 Bxc2 22. Bg5 1-0


[Site "https://www.chess.com"]

[Event "Titled Tuesday Blitz May 31 Late 2022"]
[White "Rustemov, Alexander"]
[Black "Eynullayev, Atilla"]
[WhiteFideId "4119002"]
[BlackFideId "13413570"]
[WhiteElo "2801"]
[BlackElo "1936"]
[Result "0-1"]
[Round "07"]
[TimeControl "180+1"]
[Date "2022.05.31"]
[WhiteClock "0:00:07"]
[BlackClock "0:00:17"]

1. d4 Nf6 2. c4 e6 3. Nf3 d5 4. Nc3 c5 5. cxd5 cxd4 6. Qxd4 exd5 7. Bg5 Be7 8. e3 O-O 9. Bd3 h6 10. Bh4 Nc6 11. Qa4 Be6 12. O-O Qb6 13. Qb5 Qxb5 14. Nxb5 g5 15. Bg3 Ne4 16. Nfd4 Nxd4 17. Nxd4 Nxg3 18. hxg3 Bf6 19. Rad1 Rac8 20. Rd2 Rfd8 21. Bb1 Rc4 22. Rfd1 Rdc8 23. Kf1 Rc1 24. Ke2 Bg4+ 25. f3 Be6 26. g4 Rxd1 27. Kxd1 Kf8 28. Bc2 Ke7 29. Bb3 Rc5 30. Ne2 b5 31. Ng3 a5 32. a3 d4 33. Bxe6 dxe3 34. Re2 fxe6 35. Ne4 Rd5+ 36. Kc2 Bd4 37. Re1 Bb6 38. Rd1 Rxd1 39. Kxd1 Bd4 40. b3 Kd7 41. Ke2 a4 42. bxa4 bxa4 43. Kd3 e5 44. Ng3 Bc5 45. Kc4 Kc6 46. Ne2 Bxa3 47. Nc3 Bc1 48. Kd3 a3 49. Ke2 Kc5 50. Kd3 Bd2 51. Na2 Kb5 52. g3 Kc5 53. Kc2 Kc4 0-1


[Site "https://www.chess.com"]

[Event "Titled Tuesday Blitz May 31 Late 2022"]
[White "Sadhwani, Raunak"]
[Black "Grischuk, Alexander"]
[WhiteFideId "35093487"]
[BlackFideId "4126025"]
[WhiteElo "2616"]
[BlackElo "2762"]
[Result "1-0"]
[Round "07"]
[TimeControl "180+1"]
[Date "2022.05.31"]
[WhiteClock "0:00:13"]
[BlackClock "0:00:01"]

1. e4 e6 2. d4 d5 3. e5 c5 4. c3 Nc6 5. Nf3 Bd7 6. a3 c4 7. Nbd2 Na5 8. h4 Ne7 9. h5 h6 10. Rb1 Qc7 11. Rh3 Nc8 12. b4 cxb3 13. Nxb3 Ba4 14. Nfd2 Nb6 15. Qc2 O-O-O 16. Qb2 Nxb3 17. Nxb3 Kb8 18. Na5 Ka8 19. Bd2 f6 20. Bf4 fxe5 21. Bxe5 Bd6 22. Re3 Rhf8 23. Bxd6 Qxd6 24. Qb4 Qf4 25. Rb2 Rf7 26. Nb3 Rdf8 27. Bd3 Qh4 28. Rh3 Qg4 29. Rg3 Qxh5 30. Rh3 Qg4 31. Rg3 Qf4 32. Rf3 Qb8 33. Rxf7 Rxf7 34. Nc5 Bc6 35. Re2 Nd7 36. Nxe6 a6 37. g3 g5 38. Re3 Ka7 39. a4 Nf6 40. a5 Ne4 41. Bxe4 dxe4 42. d5 Be8 43. Qxe4 Ka8 44. Qd4 Bd7 45. c4 Bxe6 46. dxe6 Re7 47. Qd5 Qc7 48. Kf1 Ka7 49. Kg2 Ka8 50. Kh2 Ka7 51. Kg1 Ka8 52. c5 Qxa5 53. Qd6 Qa1+ 54. Kg2 Qg7 55. c6 bxc6 56. Qxc6+ Ka7 57. Qc5+ Ka8 58. Qd5+ Ka7 59. Rb3 Qf6 60. Qc5+ 1-0


[Site "https://www.chess.com"]

[Event "Titled Tuesday Blitz May 31 Late 2022"]
[White "Sarana, Alexey"]
[Black "Goncalves, Ivan Mesquita V"]
[WhiteFideId "24133795"]
[BlackFideId "2114224"]
[WhiteElo "2666"]
[BlackElo "2299"]
[Result "1-0"]
[Round "07"]
[TimeControl "180+1"]
[Date "2022.05.31"]
[WhiteClock "0:02:19"]
[BlackClock "0:00:59"]

1. d4 Nf6 2. c4 e6 3. Nc3 Bb4 4. Nf3 O-O 5. g3 d6 6. Bg2 Nbd7 7. Bd2 Qe7 8. a3 Bxc3 9. Bxc3 c6 10. O-O Re8 11. Qc2 e5 12. e4 a5 13. Rfe1 a4 14. Rad1 exd4 15. Nxd4 Nc5 16. h3 h6 17. Kh2 Be6 18. Bb4 Qc7 19. Nxe6 Rxe6 20. e5 Nfd7 21. exd6 Rxd6 22. Re7 Rxd1 23. Qxd1 Qd8 24. Qd6 b6 25. Bxc6 Ra7 26. Bxc5 1-0


[Site "https://www.chess.com"]

[Event "Titled Tuesday Blitz May 31 Late 2022"]
[White "Shirov, Alexei"]
[Black "Bortnyk, Olexandr"]
[WhiteFideId "2209390"]
[BlackFideId "14120828"]
[WhiteElo "2678"]
[BlackElo "2723"]
[Result "0-1"]
[Round "07"]
[TimeControl "180+1"]
[Date "2022.05.31"]
[WhiteClock "0:00:13"]
[BlackClock "0:00:13"]

1. e4 Nf6 2. e5 Nd5 3. d4 d6 4. c4 Nb6 5. exd6 exd6 6. Nc3 Be7 7. Bd3 c6 8. Nge2 Na6 9. O-O O-O 10. b3 d5 11. cxd5 Nxd5 12. Nxd5 Qxd5 13. Nf4 Qd6 14. Bxa6 bxa6 15. Be3 Bf5 16. Rc1 Rac8 17. Rc5 Qd7 18. Ra5 Rfd8 19. Qf3 Bb4 20. Rxa6 Qb7 21. Ra4 a5 22. Rc1 Qb5 23. h3 h6 24. Qe2 Qxe2 25. Nxe2 Bd3 26. Nc3 Bb5 27. Rxb4 axb4 28. Ne4 Ra8 29. Ra1 Ra5 30. Nc5 Rda8 31. Bd2 Rxa2 32. Rxa2 Rxa2 33. Bxb4 f5 34. Bc3 Rc2 35. Ba5 Kf7 36. Bc7 g5 37. f3 Rc1+ 38. Kh2 Bf1 39. Kg1 Rb1 40. h4 Bc4+ 41. Kh2 Bxb3 42. hxg5 hxg5 43. Nd3 Bd5 44. Ne5+ Ke7 45. Ng6+ Kd7 46. Be5 Ke6 47. Bc7 Rb2 48. Bd8 Bxf3 0-1


[Site "https://www.chess.com"]

[Event "Titled Tuesday Blitz May 31 Late 2022"]
[White "Souleidis, Georgios"]
[Black "Bas Mas, Jose Joaquin"]
[WhiteFideId "4206827"]
[BlackFideId "22219064"]
[WhiteElo "2401"]
[BlackElo "2233"]
[Result "0-1"]
[Round "07"]
[TimeControl "180+1"]
[Date "2022.06.01"]
[WhiteClock "0:00:05"]
[BlackClock "0:00:12"]

1. e4 c5 2. Be2 g6 3. d3 Bg7 4. f4 Nc6 5. Nf3 d6 6. O-O Nf6 7. c3 O-O 8. Kh1 b5 9. a3 a5 10. Be3 Rb8 11. Nbd2 e6 12. d4 cxd4 13. cxd4 b4 14. Rc1 Bd7 15. a4 Ne7 16. Bd3 d5 17. e5 Ng4 18. Bg1 Nf5 19. Bxf5 gxf5 20. h3 Nh6 21. Ne1 f6 22. Nd3 Nf7 23. Nc5 Ra8 24. Ndb3 Bh6 25. Nxd7 Qxd7 26. Nc5 Qe7 27. Qe2 fxe5 28. dxe5 Rfc8 29. Bd4 Nd8 30. Qh5 Bf8 31. g4 Qf7 32. Qxf7+ Kxf7 33. b3 fxg4 34. hxg4 Bxc5 35. Bxc5 Rc6 36. f5 Rac8 37. Be3 Rxc1 38. Rxc1 Rxc1+ 39. Bxc1 exf5 40. gxf5 Nc6 41. e6+ Kf6 42. Be3 Kxf5 43. e7 Nxe7 44. Bb6 Nc6 45. Kg2 Ke4 46. Kf2 Kd3 47. Kf3 Kc3 0-1


[Site "https://www.chess.com"]

[Event "Titled Tuesday Blitz May 31 Late 2022"]
[White "Swiercz, Dariusz"]
[Black "Preotu, Razvan"]
[WhiteFideId "1126881"]
[BlackFideId "2613280"]
[WhiteElo "2627"]
[BlackElo "2407"]
[Result "0-1"]
[Round "07"]
[TimeControl "180+1"]
[Date "2022.05.31"]
[WhiteClock "0:00:09"]
[BlackClock "0:00:04"]

1. d4 f5 2. g3 Nf6 3. Bg2 g6 4. Nd2 Bg7 5. e4 fxe4 6. Nxe4 d5 7. Nxf6+ Bxf6 8. Nf3 O-O 9. O-O c6 10. Re1 Bg4 11. c3 Nd7 12. Bf4 g5 13. Be3 e5 14. h3 Bxf3 15. Bxf3 e4 16. Bg4 h6 17. c4 dxc4 18. Qc2 Re8 19. Qxc4+ Kg7 20. Rad1 Nb6 21. Qe2 Nd5 22. Bf5 Qe7 23. Bc1 Nb4 24. Bxe4 Qf7 25. a3 Nd5 26. Qf3 Rad8 27. Qf5 Kg8 28. Kg2 Ne7 29. Qg4 Rxd4 30. Rxd4 Bxd4 31. Be3 Bxb2 32. Rb1 Nd5 33. Bxa7 Nf6 34. Qf5 Nxe4 35. Qxf7+ Kxf7 36. Rxb2 b5 37. Be3 Nd6 38. Rb4 Nc4 39. a4 Rb8 40. a5 Ra8 41. Bb6 Ke6 42. Bc7 Kd7 43. Bb6 Nxb6 44. axb6 Rb8 45. h4 Rxb6 46. hxg5 hxg5 47. Kf3 c5 48. Rb1 b4 49. Ke4 Rd6 50. f4 gxf4 51. gxf4 Kc6 52. f5 Kb5 53. Ke5 Rd8 54. f6 c4 55. f7 c3 56. Rd1 Rf8 57. Rd7 c2 58. Rb7+ Kc4 59. Rc7+ Kd3 60. Ke6 b3 61. Rd7+ Ke3 62. Rc7 b2 63. Rxc2 b1=Q 64. Rc7 Qb3+ 65. Kf6 Ke4 66. Kg7 Rb8 67. Re7+ Kf5 68. Re8 Rb7 69. Kh8 Rxf7 70. Re5+ Kxe5 71. Kg8 Rd7+ 72. Kh8 Qb8# 0-1


[Site "https://www.chess.com"]

[Event "Titled Tuesday Blitz May 31 Late 2022"]
[White "Taboas Rodriguez, Daniel"]
[Black "Livaic, Leon"]
[WhiteFideId "2208466"]
[BlackFideId "14531534"]
[WhiteElo "2429"]
[BlackElo "2540"]
[Result "0-1"]
[Round "07"]
[TimeControl "180+1"]
[Date "2022.05.31"]
[WhiteClock "0:00:09"]
[BlackClock "0:00:18"]

1. d4 e6 2. Nf3 d5 3. c4 Nf6 4. Bg5 Bb4+ 5. Nc3 Nbd7 6. e3 c5 7. cxd5 exd5 8. Bb5 Qa5 9. Bxd7+ Nxd7 10. O-O Bxc3 11. bxc3 O-O 12. Qc2 Re8 13. Rab1 c4 14. Nd2 Nb6 15. f3 Na4 16. Rbc1 Bd7 17. Bf4 b5 18. e4 Be6 19. a3 Qb6 20. Rb1 h6 21. Bg3 Qc6 22. e5 Qd7 23. Rbc1 Bf5 24. Qa2 Bd3 25. Rfe1 a5 26. Nf1 b4 27. axb4 axb4 28. cxb4 Nc5 29. Qf2 Nb3 30. Rcd1 Qa7 31. e6 Rxe6 32. Rxe6 fxe6 33. Be5 Qf7 34. Ng3 Qg6 35. b5 c3 36. Ne2 c2 37. Re1 Bxe2 38. Qxe2 c1=Q 39. Rxc1 Nxc1 40. Qb2 Nd3 41. Qb1 Nxe5 0-1


[Site "https://www.chess.com"]

[Event "Titled Tuesday Blitz May 31 Late 2022"]
[White "Tatarinov, Dmitry"]
[Black "Song, Michael"]
[WhiteFideId "24160067"]
[BlackFideId "2613190"]
[WhiteElo "2302"]
[BlackElo "2274"]
[Result "1-0"]
[Round "07"]
[TimeControl "180+1"]
[Date "2022.06.01"]
[WhiteClock "0:00:49"]
[BlackClock "0:00:03"]

1. d4 f5 2. c4 Nf6 3. Nc3 d6 4. g3 g6 5. Bg2 Bg7 6. Nh3 O-O 7. d5 c6 8. Nf4 Qe8 9. O-O e5 10. dxe6 Bxe6 11. Nxe6 Qxe6 12. Qb3 Rf7 13. Rd1 Na6 14. Bf4 Rd8 15. Rac1 Nh5 16. Bg5 Bf6 17. Bxf6 Nxf6 18. e3 Kg7 19. Ne2 Nc5 20. Qc3 Rfd7 21. b4 Ne4 22. Nf4 Qe7 23. Bxe4 fxe4 24. b5 Kf7 25. h4 h6 26. bxc6 bxc6 27. Qa5 Qe5 28. Qxe5 dxe5 29. Rxd7+ Rxd7 30. Ne2 Rd2 31. Nc3 Ke6 32. Rb1 Rc2 33. Rb3 Kf5 34. Kf1 Ng4 35. Nd1 Rxa2 36. Rb7 Nh2+ 37. Kg2 Nf3 38. Rf7+ Ke6 39. Rf8 Ra1 40. Rd8 Ke7 41. Rg8 Rxd1 42. Rxg6 h5 43. Rxc6 Ra1 44. Rh6 a5 45. Rxh5 a4 46. Rh7+ Kf6 47. Ra7 a3 48. Kh3 a2 49. Kg4 Nd2 50. c5 Ke6 51. c6 Kd6 52. c7 Kd7 53. h5 Nb1 54. h6 Nc3 55. h7 Rh1 56. Ra3 Rxh7 57. Rxc3 Rf7 58. c8=Q+ Ke7 59. Rc7+ Kf6 60. Qf5+ Kg7 61. Qxf7+ Kh6 62. Qg7# 1-0


[Site "https://www.chess.com"]

[Event "Titled Tuesday Blitz May 31 Late 2022"]
[White "Terry, Renato"]
[Black "Rychagov, Andrey"]
[WhiteFideId "3803457"]
[BlackFideId "4119932"]
[WhiteElo "2577"]
[BlackElo "2500"]
[Result "1-0"]
[Round "07"]
[TimeControl "180+1"]
[Date "2022.05.31"]
[WhiteClock "0:00:09"]
[BlackClock "0:00:02"]

1. d4 d5 2. Nf3 Nf6 3. c4 e6 4. e3 Be7 5. b3 O-O 6. Bd3 b6 7. O-O Bb7 8. Bb2 c5 9. Nbd2 Nc6 10. a3 Rc8 11. Qe2 Bd6 12. dxc5 bxc5 13. cxd5 exd5 14. Rfd1 Qe7 15. Nf1 Rfd8 16. Ng3 g6 17. Rac1 Ne5 18. Ba6 Nxf3+ 19. Qxf3 Ne8 20. Bxb7 Qxb7 21. Qxd5 Qxd5 22. Rxd5 Bxg3 23. Rxd8 Bxf2+ 24. Kxf2 Rxd8 25. Ke2 Rb8 26. Rxc5 Rxb3 27. Bd4 f5 28. Ra5 Nd6 29. Rxa7 Nb5 30. Rg7+ Kf8 31. Be5 Rxa3 32. Rxh7 Ra7 33. Rh8+ Kf7 34. Kf3 Re7 35. Kf4 Ke6 36. Rg8 Kd5 37. Bf6 Re4+ 38. Kf3 Re6 39. Bb2 Nd6 40. h4 Nc4 41. Bd4 Nd2+ 42. Kf4 Re4+ 43. Kg5 Rg4+ 44. Kf6 Rxh4 45. Rxg6 Rg4 46. Kxf5 Rxg6 47. Kxg6 Ke4 48. g4 Nf3 49. g5 1-0


[Site "https://www.chess.com"]

[Event "Titled Tuesday Blitz May 31 Late 2022"]
[White "Tristan, Leonardo"]
[Black "Reprintsev, Alexander"]
[WhiteFideId "113816"]
[BlackFideId "14100541"]
[WhiteElo "2404"]
[BlackElo "2108"]
[Result "1-0"]
[Round "07"]
[TimeControl "180+1"]
[Date "2022.06.01"]
[WhiteClock "0:00:02"]
[BlackClock "0:00:01"]

1. d4 d5 2. Nf3 Nc6 3. Bf4 Bg4 4. e3 e6 5. c4 Nf6 6. Nc3 Bb4 7. Bg5 Bxf3 8. Qxf3 dxc4 9. Bxc4 h6 10. Bh4 g5 11. Bg3 Nd5 12. Bxd5 exd5 13. O-O Bxc3 14. bxc3 Qd7 15. Qf6 Rg8 16. Rab1 b6 17. Qxh6 O-O-O 18. Rfc1 Rg6 19. Qh5 Qe6 20. Qe2 f5 21. Qa6+ Kb8 22. Rxb6+ axb6 23. Qxb6+ Ka8 24. Bxc7 Rb8 25. Bxb8 Nxb8 26. Qc5 Qc6 27. Qf8 Rf6 28. Qg8 Rg6 29. Qf7 Qe6 30. Qf8 Rg8 31. Qa3+ Qa6 32. Qc5 Qc6 33. Qb4 Rg7 34. c4 Rb7 35. Qa3+ Ra7 36. Qb3 dxc4 37. Rxc4 Qb7 38. Qc2 f4 39. e4 g4 40. a4 f3 41. h3 fxg2 42. hxg4 Qb6 43. Kxg2 Rg7 44. f3 Rh7 45. e5 Qh6 46. Kf2 Qh2+ 47. Ke3 Qg1+ 48. Ke4 Qe1+ 49. Kd5 Rd7+ 50. Ke6 Rb7 51. Qe4 Qa5 52. d5 Nd7 53. d6 Ka7 54. Qd4+ Nb6 55. Rc6 Qe1 56. Rxb6 Rxb6 57. Ke7 Qg3 58. d7 Qxf3 59. d8=Q 1-0


[Site "https://www.chess.com"]

[Event "Titled Tuesday Blitz May 31 Late 2022"]
[White "Urazayev, Arystanbek"]
[Black "Petrovic, Aleksa"]
[WhiteFideId "13709810"]
[BlackFideId "967629"]
[WhiteElo "2422"]
[BlackElo "2144"]
[Result "1-0"]
[Round "07"]
[TimeControl "180+1"]
[Date "2022.05.31"]
[WhiteClock "0:01:48"]
[BlackClock "0:00:05"]

1. d4 Nf6 2. c4 e6 3. Nc3 Bb4 4. Nf3 c5 5. g3 Nc6 6. Bg2 Ne4 7. Bd2 Nxd2 8. Qxd2 cxd4 9. Nxd4 O-O 10. O-O Qc7 11. Nc2 Be7 12. Rfd1 d6 13. Nb5 Qb6 14. Nxd6 Qxb2 15. c5 Rd8 16. Ne3 Qe5 17. Rac1 Bxd6 18. cxd6 Bd7 19. Nc4 Qf6 20. Na5 Nxa5 21. Qxa5 Qb2 22. Bf3 Bc6 23. Bxc6 bxc6 24. e4 e5 25. Rxc6 Qe2 26. Qd5 Rd7 27. Rc7 Rxc7 28. dxc7 1-0


[Site "https://www.chess.com"]

[Event "Titled Tuesday Blitz May 31 Late 2022"]
[White "Van Foreest, Jorden"]
[Black "Yurovskykh, Oleksandr"]
[WhiteFideId "1039784"]
[BlackFideId "14134020"]
[WhiteElo "2609"]
[BlackElo "2292"]
[Result "1-0"]
[Round "07"]
[TimeControl "180+1"]
[Date "2022.06.01"]
[WhiteClock "0:01:17"]
[BlackClock "0:00:17"]

1. Nf3 d5 2. e3 Nf6 3. b3 Bf5 4. Bb2 e6 5. d3 h6 6. g3 Be7 7. Bg2 O-O 8. O-O c5 9. Ne5 Nbd7 10. Nd2 Nxe5 11. Bxe5 Nd7 12. Bb2 Bf6 13. Qc1 Bxb2 14. Qxb2 Qf6 15. Qxf6 Nxf6 16. e4 dxe4 17. dxe4 Bh7 18. f3 Rfd8 19. Rfd1 Ne8 20. Nc4 f6 21. a4 e5 22. Bh3 Kf8 23. Na5 Nd6 24. Rd2 Nf7 25. Rad1 Rxd2 26. Rxd2 Rd8 27. Rxd8+ Nxd8 28. Nc4 Ke7 29. Kf2 Bg8 30. Ne3 g6 31. Bc8 b6 32. h4 Nc6 33. Ke2 h5 34. f4 exf4 35. gxf4 Nd4+ 36. Kd3 Nf3 37. Ng2 Be6 38. Bxe6 Kxe6 39. c3 a6 40. Ke2 Nh2 41. Ne3 Ng4 42. Nd5 b5 43. axb5 axb5 44. Nc7+ Kd6 45. Nxb5+ Kc6 46. Na3 Nh6 47. Nc4 Nf7 48. Ke3 g5 49. hxg5 fxg5 50. f5 Nd8 51. e5 Kd5 52. e6 Nc6 53. Kf3 Ne7 54. f6 g4+ 55. Kf4 Ng6+ 56. Kg5 1-0


[Site "https://www.chess.com"]

[Event "Titled Tuesday Blitz May 31 Late 2022"]
[White "Xiong, Jeffery"]
[Black "Sjugirov, Sanan"]
[WhiteFideId "2047640"]
[BlackFideId "4189302"]
[WhiteElo "2727"]
[BlackElo "2602"]
[Result "1-0"]
[Round "07"]
[TimeControl "180+1"]
[Date "2022.05.31"]
[WhiteClock "0:01:00"]
[BlackClock "0:00:01"]

1. d4 g6 2. e4 d6 3. Nf3 Nf6 4. Nc3 Bg7 5. Be3 a6 6. Qd2 b5 7. Bd3 Bb7 8. Bh6 Bxh6 9. Qxh6 b4 10. Nd5 Bxd5 11. exd5 Nbd7 12. Ng5 Qc8 13. O-O Qb7 14. c4 bxc3 15. bxc3 Qxd5 16. Rfe1 Rg8 17. Re2 Rb8 18. Rae1 e6 19. Qh4 h6 20. Nxe6 fxe6 21. Rxe6+ Kd8 22. Rxf6 Qg5 23. Rxg6 1-0


[Site "https://www.chess.com"]

[Event "Titled Tuesday Blitz May 31 Late 2022"]
[White "Yurtseven, Melih"]
[Black "Gomez Ledo, Roberto Carlos"]
[WhiteFideId "6312160"]
[BlackFideId "3507076"]
[WhiteElo "2160"]
[BlackElo "2379"]
[Result "0-1"]
[Round "07"]
[TimeControl "180+1"]
[Date "2022.06.01"]
[WhiteClock "0:00:15"]
[BlackClock "0:00:07"]

1. e4 e5 2. Nf3 Nc6 3. d4 exd4 4. Nxd4 Bc5 5. Nxc6 Qf6 6. Qf3 Qxc6 7. Nc3 Ne7 8. Bg5 O-O 9. O-O-O Ng6 10. Bb5 Qb6 11. Qe2 d6 12. a3 c6 13. Bc4 Qa5 14. Bd2 Qc7 15. h4 b5 16. Ba2 b4 17. axb4 Bxb4 18. h5 Ne5 19. h6 g6 20. Kb1 Qa5 21. Bb3 Be6 22. f4 Nd7 23. Na4 Rab8 24. Bxb4 Qxb4 25. Qd2 Bxb3 26. Qxb4 Bxc2+ 27. Kxc2 Rxb4 28. b3 Nc5 29. Nxc5 dxc5 30. Rhe1 Rfb8 31. Rd3 c4 32. bxc4 Rxc4+ 33. Rc3 Rxc3+ 34. Kxc3 Kf8 35. g4 Ke7 36. g5 a5 37. Ra1 Rb5 38. Kc4 Kd6 39. Rd1+ Kc7 40. Rf1 Kb6 41. f5 Rb4+ 42. Kd3 Rb3+ 43. Kd4 Rg3 44. Ke5 Rxg5 45. Kf6 Rh5 46. Kxf7 gxf5 47. exf5 Rxh6 48. f6 a4 49. Ke7 Rxf6 50. Kxf6 Kb5 51. Ke5 c5 52. Ke4 Kc4 53. Rc1+ Kb3 54. Kd3 a3 55. Rc3+ Kb2 56. Rc2+ Kb1 57. Kc3 a2 58. Rb2+ Ka1 59. Kb3 c4+ 60. Ka3 c3 61. Rxa2+ Kb1 62. Rh2 c2 63. Rxh7 c1=Q+ 64. Kb4 Qd2+ 65. Kc5 Qg5+ 66. Kd6 Qg6+ 67. Ke7 Qxh7+ 68. Kf8 Qe4 69. Kg7 Qd5 70. Kh8 Qb7 71. Kg8 Kc2 72. Kh8 Kd3 73. Kg8 Ke4 74. Kh8 Kf5 75. Kg8 Kg6 76. Kh8 Qg7# 0-1


[Site "https://www.chess.com"]

[Event "Titled Tuesday Blitz May 31 Late 2022"]
[White "Zeynalli, Rashad"]
[Black "Ladan, Nicholas"]
[WhiteFideId "13403320"]
[BlackFideId "30918855"]
[WhiteElo "2125"]
[BlackElo "2167"]
[Result "0-1"]
[Round "07"]
[TimeControl "180+1"]
[Date "2022.06.01"]
[WhiteClock "0:00:13"]
[BlackClock "0:00:05"]

1. d4 d5 2. Bf4 Nf6 3. e3 c5 4. c3 Nc6 5. Nd2 Bf5 6. Qb3 Qb6 7. dxc5 Qxb3 8. axb3 e5 9. Bg3 Bxc5 10. Ngf3 Nd7 11. b4 Bd6 12. Nd4 Nxd4 13. exd4 Ke7 14. dxe5 Nxe5 15. Nb3 Rhe8 16. O-O-O Be6 17. Bb5 Nd7 18. Rhe1 Bxg3 19. hxg3 a6 20. Bxd7 Kxd7 21. Nc5+ Kc6 22. Re5 b6 23. Nb3 f6 24. Re3 Rad8 25. Nd4+ Kd6 26. Rde1 Bd7 27. Rxe8 Rxe8 28. Nf5+ Kc6 29. Rxe8 Bxe8 30. Nxg7 Bg6 31. Ne6 a5 32. Nd4+ Kd6 33. bxa5 bxa5 34. Kd2 Kc5 35. b3 Be8 36. Ne6+ Kd6 37. Ng7 Bg6 38. g4 Ke5 39. Ke3 Bc2 40. f4+ Kd6 41. Nf5+ Bxf5 42. gxf5 h5 43. g3 Kc5 44. Kd3 Kc6 45. Kd4 Kd6 46. Kd3 Kc5 47. Ke3 Kc6 48. Kd2 Kc5 49. Kd3 Kc6 50. b4 a4 51. Kc2 Kb5 52. Kb2 d4 53. cxd4 Kxb4 54. Ka2 Kc4 55. Ka3 Kxd4 56. Kxa4 Ke3 57. Kb5 Kf3 58. Kc5 Kxg3 59. Kd5 h4 60. Ke6 h3 61. Kxf6 h2 62. Kg7 h1=Q 63. f6 Kxf4 64. f7 Qg2+ 65. Kh8 Qh3+ 66. Kg8 Qg4+ 67. Kh8 Qh5+ 68. Kg8 Qg6+ 69. Kh8 Qh6+ 70. Kg8 Qe6 71. Kh8 Qc8+ 72. Kg7 Qd7 73. Kg8 Kg5 74. Kh8 Qe7 75. Kg7 Qf6+ 76. Kg8 Qg6+ 77. Kh8 Qh6+ 78. Kg8 Kg6 79. f8=Q Qh7# 0-1


[Site "https://www.chess.com"]

[Event "Titled Tuesday Blitz May 31 Late 2022"]
[White "Abarca Gonzalez, Nicolas"]
[Black "Terry, Renato"]
[WhiteFideId "3409422"]
[BlackFideId "3803457"]
[WhiteElo "2504"]
[BlackElo "2577"]
[Result "1-0"]
[Round "08"]
[TimeControl "180+1"]
[Date "2022.05.31"]
[WhiteClock "0:00:04"]
[BlackClock "0:00:02"]

1. e4 c6 2. d4 d5 3. exd5 cxd5 4. c4 Nf6 5. Nc3 Nc6 6. Nf3 e6 7. cxd5 Nxd5 8. Bd3 Be7 9. O-O O-O 10. Re1 Re8 11. a3 g6 12. Bh6 Bf6 13. Qd2 Nxd4 14. Nxd4 Bxd4 15. Bb5 Bxc3 16. bxc3 Bd7 17. Qd4 f6 18. Bxd7 Qxd7 19. c4 Nb6 20. Qxf6 Nxc4 21. Rad1 Qf7 22. Qa1 e5 23. Re4 b5 24. f4 Qf5 25. Rde1 Rad8 26. fxe5 Re6 27. a4 g5 28. axb5 Rxh6 29. Rxc4 Rd2 30. Qxa7 Rd8 31. Qe3 Rg6 32. Rc7 Qe6 33. Rc6 Qf5 34. Rf1 Qg4 35. e6 Rxe6 36. Qxe6+ Qxe6 37. Rxe6 Kg7 38. b6 1-0


[Site "https://www.chess.com"]

[Event "Titled Tuesday Blitz May 31 Late 2022"]
[White "Andreikin, Dmitry"]
[Black "Sadhwani, Raunak"]
[WhiteFideId "4158814"]
[BlackFideId "35093487"]
[WhiteElo "2736"]
[BlackElo "2616"]
[Result "1-0"]
[Round "08"]
[TimeControl "180+1"]
[Date "2022.05.31"]
[WhiteClock "0:02:15"]
[BlackClock "0:00:45"]

1. d4 Nf6 2. c4 e6 3. g3 d5 4. Bg2 dxc4 5. Nf3 Bb4+ 6. Nbd2 b5 7. O-O Bxd2 8. Nxd2 c6 9. a4 Nd5 10. e4 Nb6 11. a5 N6d7 12. e5 O-O 13. Ne4 h6 14. Qh5 Qe7 15. Bg5 Qb4 16. Bxh6 gxh6 17. Qxh6 f5 18. exf6 Na6 19. Qg7# 1-0


[Site "https://www.chess.com"]